 Dungeon Crawl Stone Soup version 0.25-a0-737-g26c3a87 (webtiles) character file.

Game seed: 18315078393775971374, levelgen mode: deterministic

1668 rednit the Fighter (level 9, -9/62 HPs)
             Began as a Gargoyle Fighter on Apr 12, 2020.
             Was an Initiate of Okawaru.
             Mangled by an orc warrior
             ... wielding a +0 halberd
              (14 damage)
             ... on level 6 of the Dungeon.
             The game lasted 00:29:26 (7233 turns).

rednit the Fighter (Gargoyle Fighter)               Turns: 7233, Time: 00:29:26

Health: -9/62      AC: 17    Str: 22    XL:     9   Next: 1%
Magic:  9/9        EV:  6    Int:  9    God:    Okawaru [......]
Gold:   376        SH: 10    Dex: 10    Spells: 8/8 levels left

rFire    . . .     SeeInvis .   B - +0 mace (vorpal)
rCold    . . .     Gourm    .   c - +0 kite shield
rNeg     + . .     Faith    .   d - +0 chain mail
rPois    ∞         Spirit   .   (no helmet)
rElec    +         Reflect  .   (no cloak)
rCorr    .         Harm     .   o - +0 pair of gloves
MR       .....                  (no boots)
Stlth    ..........             (no amulet)
HPRegen  0.20/turn              (no ring)
MPRegen  0.11/turn              (no ring)

@: no status effects
A: negative energy resistance 1, electricity resistance, unbreathing,
petrification resistance, rot immunity, AC +6
a: Renounce Religion


You were on level 6 of the Dungeon.
You worshipped Okawaru.
Okawaru was noncommittal.
You were not hungry.

You visited 2 branches of the dungeon, and saw 8 of its levels.

You collected 376 gold pieces.

Inventory:

Hand Weapons
 a - a +0 flail
 v - a +0 mace of protection
 B - a +0 vorpal mace (weapon)
Missiles
 g - 3 boomerangs (quivered)
 G - 2 throwing nets
Armour
 b - a +0 scale mail
 c - a +0 kite shield (worn)
 d - a +0 chain mail (worn)
 o - a +0 pair of gloves (worn)
Jewellery
 E - an uncursed ring of resist corrosion {unknown}
Wands
 n - a wand of iceblast (8)
Scrolls
 e - 2 scrolls of remove curse
 k - a scroll of fear {unknown}
 l - 6 scrolls of teleportation
 p - a scroll of magic mapping {unknown}
 s - a scroll of enchant armour {unknown}
 t - a scroll of amnesia {unknown}
 x - a scroll of identify
 y - a scroll of noise {unknown}
 z - 4 scrolls of immolation
 A - a scroll of random uselessness {unknown}
 C - a scroll of enchant weapon {unknown}
Potions
 j - 3 potions of curing
 m - a potion of magic
 q - a potion of haste
 u - a potion of flight
 w - a potion of cancellation
 D - a potion of stabbing {unknown}
 F - a potion of invisibility
Comestibles
 f - 11 rations


   Skills:
 - Level 10.0 Fighting
 * Level 5.2 Maces & Flails
 - Level 5.0 Armour
 - Level 5.0 Shields


You had 8 spell levels left.
You didn't know any spells.
Your spell library was empty.

Dungeon Overview and Level Annotations

Branches:
Dungeon (7/15)             Temple (1/1) D:6

Altars:
Ashenzari
Cheibriados
Elyvilon
Fedhas
Gozag
Hepliaklqana
Makhleb
Okawaru
Qazlal
Ru
Sif Muna
Trog
Uskayaw
Vehumet
Xom
Yredelemnul
Zin
The Shining One

Shops:
D:4 [

Annotations:
D:4 1 runed translucent door, Crazy Yiuf, Edmund


Innate Abilities, Weirdness & Mutations

You are resistant to torment.
Your stone body is resilient. (AC +6)
You are immune to poison.
You resist negative energy. (rN+)
You are resistant to electric shocks. (rElec)
You can survive without breathing.
You are immune to petrification.
You are immune to rotting.


Message History

The orc warrior is severely wounded.
The orc warrior hits you with a +0 halberd!!
* * * LOW HITPOINT WARNING * * *
You hit the orc warrior.
The orc warrior is severely wounded.
You block the orc warrior's attack.
You barely miss the orc warrior.
The orc warrior is severely wounded.
You block the orc warrior's attack.
You hit the orc warrior but do no damage.
The orc warrior is severely wounded.
The orc warrior hits you but does no damage.
You completely miss the orc warrior.
The orc warrior is severely wounded.
The orc warrior hits you with a +0 halberd!
* * * LOW HITPOINT WARNING * * *
You hit the orc warrior.
The orc warrior is almost dead.
The orc warrior hits you with a +0 halberd!
You die...

##.≈.#....#.....##.##.).##......
##..≈..#.............#......<....
#...≈..##........................
...#≈#..............>#....#......
#..#≈#........≈≈...≈).≈...#......
...#≈##.####..≈≈..≈.≈......####..
#######.##≈≈≈≈≈.≈≈≈≈≈≈≈≈≈≈≈≈≈≈#..
...## ###≈≈≈≈≈≈o≈≈≈≈≈≈≈≈≈≈≈≈###..
....# #≈##...≈@≈≈..≈.≈≈..####.#
##..## #≈≈#..........≈.≈≈.......#
.....######....≈....≈≈≈......##.#
>.............................#..
.................##..........###.
..#.........##...##..............
..#.........#...##.............#.
##..............##............###
#...).......#..#.............###


You could see an orc warrior.

Vanquished Creatures
  Grinder (D:5)
  Duvessa (D:4)
  A sky beast (D:5)
  A black bear (D:6)
  2 ogres
  A centaur (D:6)
  A big kobold (D:6)
  Dowan (D:4)
  A water moccasin skeleton (D:6)
  4 crimson imps
  A quasit (D:5)
  A hound (D:5)
  2 orc priests
  An orc wizard (D:3)
  2 iguanas
  Jessica (D:3)
  A bullfrog skeleton (D:4)
  Ijyb (D:3)
  3 worker ants
  Robin (D:3)
  6 gnolls
  9 adders
  3 oozes
  3 worms
  A dart slug (D:3)
  4 leopard geckos
  23 orcs
  3 bats
  4 giant cockroaches
  8 hobgoblins
  6 jackals
  3 quokkas
  A ball python (D:1)
  3 frilled lizards
  10 goblins
  10 kobolds
  12 rats
  2 bushes (D:6)
  A plant (D:6)
140 creatures vanquished.

Vanquished Creatures (others)
  A goblin (D:3)
1 creature vanquished.

Grand Total: 141 creatures vanquished

Notes
Turn   | Place    | Note
-------+----------+-------------------------------------------
     0 | D:1      | rednit the Gargoyle Fighter began the quest for the Orb.
     0 | D:1      | Reached XP level 1. HP: 14/14 MP: 1/1
   188 | D:1      | Reached XP level 2. HP: 17/20 MP: 2/2
   243 | D:1      | Reached skill level 4 in Fighting
   463 | D:1      | Reached XP level 3. HP: 24/24 MP: 3/3
   867 | D:2      | Found a burning altar of Makhleb.
  1129 | D:3      | Reached skill level 5 in Fighting
  1129 | D:3      | Reached XP level 4. HP: 9/31 MP: 4/4
  1407 | D:3      | Noticed Ijyb
  1808 | D:2      | Reached skill level 6 in Fighting
  1966 | D:3      | Reached XP level 5. HP: 34/36 MP: 5/5
  2244 | D:3      | Noticed Robin
  2264 | D:3      | Killed Robin
  2383 | D:3      | Killed Ijyb
  2546 | D:3      | Noticed Jessica
  2636 | D:4      | Noticed an ogre
  2645 | D:4      | Killed an ogre
  2645 | D:4      | Reached skill level 7 in Fighting
  2645 | D:4      | Reached XP level 6. HP: 9/44 MP: 6/6
  2646 | D:4      | Noticed Edmund
  2651 | D:3      | Killed Jessica
  3162 | D:4      | Reached skill level 8 in Fighting
  3175 | D:4      | Noticed Duvessa
  3175 | D:4      | Noticed Dowan
  3198 | D:4      | Killed Duvessa
  3198 | D:4      | Reached XP level 7. HP: 29/50 MP: 7/7
  3221 | D:4      | Killed Dowan
  3659 | D:4      | Reached skill level 9 in Fighting
  3665 | D:4      | Found a burning altar of Makhleb.
  3694 | D:4      | Found Lapt's Armour Shop.
  3773 | D:4      | Found a runed translucent door.
  3774 | D:4      | Noticed Crazy Yiuf
  3871 | D:5      | Entered Level 5 of the Dungeon
  3871 | D:5      | Noticed Grinder
  3899 | D:5      | Killed Grinder
  4174 | D:5      | Reached skill level 10 in Fighting
  4213 | D:5      | Reached XP level 8. HP: 50/57 MP: 8/8
  5869 | D:6      | Found a glowing golden altar of the Shining One.
  5869 | D:6      | Found an iron altar of Okawaru.
  5869 | D:6      | Found a sacrificial altar of Ru.
  5972 | D:6      | Noticed a moth of wrath
  5975 | D:6      | Found a bloodstained altar of Trog.
  6070 | D:6      | Reached skill level 5 in Maces & Flails
  6073 | D:6      | Reached skill level 5 in Shields
  6192 | D:6      | Found a staircase to the Ecumenical Temple.
  6203 | Temple   | Entered the Ecumenical Temple
  6547 | D:6      | Became a worshipper of Warmaster Okawaru
  7175 | D:7      | Reached skill level 5 in Armour
  7175 | D:7      | Reached XP level 9. HP: 37/62 MP: 9/9
  7233 | D:6      | Mangled by an orc warrior

Levels and vault maps discovered:
D:1:      eino_arrival_water_cross, layout_basic, minmay_misc_feat_diagonals,
          minmay_heptomino_d4
D:2:      layout_rooms, nicolae_overflow_crystal_walls, grunt_decor_one_mirror
D:3:      layout_rooms, uniq_robin, uniq_ijyb, uniq_jessica
D:4:      wander_river, layout_gridville, serial_shops, nicolae_shop_stone,
          makhleb_blood_cavern_becter, uniq_crazy_yiuf_cottage, uniq_edmund,
          uniq_duvessa
D:5:      layout_cave_pools, first_ration, uniq_grinder
D:6:      layout_cave_pools, gammafunk_temple_overflow_claw, tgw_trog,
          minmay_temple_entry_nine_rooms, serial_rivers,
          chequers_serial_rivers_micro_b, chequers_serial_rivers_micro_d,
          chequers_serial_rivers_micro_d, chequers_serial_rivers_small_3,
          chequers_serial_rivers_micro_a, lexackson_kobold_supper
D:7:      layout_gridville, lemuel_round_altar
Temple:   oiseaux_autumnal_temple

Skill      XL: |  1  2  3  4  5  6  7  8 |
---------------+-------------------------+-----
Fighting       | 4 5 6 7 8 10 | 10.0
Maces & Flails | 5 |  5.2
Armour         | 5 |  5.0
Shields        | 5 |  5.0

Action                   |  1- 3 |  4- 6 |  7- 9 || total
-------------------------+-------+-------+-------++-------
Melee: Flail             |   113 |    94 |       ||   207
       Mace              |       |   105 |   555 ||   660
Throw: Boomerang         |     4 |    68 |   161 ||   233
  Use: Potion            |       |     1 |     2 ||     3
       Scroll            |       |       |    12 ||    12
  Eat: Chunk             |     1 |     6 |    13 ||    20
       Ration            |       |       |     1 ||     1
Armor: Scale mail        |    73 |   124 |    13 ||   210
       Chain mail        |       |       |   380 ||   380
       Skin              |       |       |    14 ||    14
Dodge: Dodged            |    43 |    62 |   149 ||   254
Block: Kite shield       |    56 |   121 |   329 ||   506

Table legend:
 A = Non-vault XP
 B = Vault XP
 C = Vault XP percentage of total XP
 D = Non-vault monster count
 E = Vault monster count
 F = Vault count percentage of total count
                 A         B        C        D         E       F
            +---------+---------+-------+---------+---------+-------
      Total |    1675 |     709 |  29.7 |     103 |      34 |  24.8
            +---------+---------+-------+---------+---------+-------
        D:1 |      32 |      10 |  23.8 |      16 |       5 |  23.8
        D:2 |      27 |       0 |   0.0 |      10 |       0 |   0.0
        D:3 |     145 |     106 |  42.2 |      24 |      13 |  35.1
        D:4 |     264 |     211 |  44.4 |       8 |       2 |  20.0
        D:5 |     588 |     267 |  31.2 |      30 |       1 |   3.2
        D:6 |     579 |     115 |  16.6 |      14 |      13 |  48.1
        D:7 |      40 |       0 |   0.0 |       1 |       0 |   0.0
            +---------+---------+-------+---------+---------+-------
